 Dungeon Crawl Stone Soup version 0.21.0-24-g2553a33 (webtiles) character file.

2583 Suckerboh the Thaumaturge (level 9, -8/47 HPs)
             Began as a Deep Elf Fire Elementalist on Jan 19, 2018.
             Was an Initiate of Vehumet.
             Mangled by a manticore (9 damage)
             ... on level 7 of the Dungeon.
             The game lasted 00:15:42 (7880 turns).

Suckerboh the Thaumaturge (DEFE)                    Turns: 7880, Time: 00:15:43

Health: -8/47      AC:  4    Str:  5    XL:     9   Next: 32%
Magic:  2/24       EV: 14    Int: 28    God:    Vehumet [......]
Gold:   326        SH:  0    Dex: 15    Spells: 13/26 levels left

rFire    . . .     SeeInvis .   a - +2 whip (venom)
rCold    . . .     Gourm    +   (no shield)
rNeg     . . .     Faith    .   l - +0 robe
rPois    .         Spirit   .   s - +0 helmet of the Trombone {Int+4} (curse)
rElec    .         Reflect  .   (no cloak)
rCorr    .         Harm     .   I - +0 pair of gloves
MR       .....     Rnd*Tele +   (no boots)
Stlth    ++........             q - amulet of the gourmand
HPRegen  0.15/turn              x - ring of teleportation (curse)
MPRegen  0.19/turn              (no ring)

@: barbed spikes
A: no striking features
a: Renounce Religion


You were on level 7 of the Dungeon.
You worshipped Vehumet.
Vehumet was noncommittal.
You were completely stuffed.

You visited 2 branches of the dungeon, and saw 8 of its levels.

You collected 326 gold pieces.

Inventory:

Hand Weapons
 a - a +2 whip of venom (weapon)
 k - a +0 whip of electrocution
Armour
 l - a +0 robe (worn)
 s - the cursed +0 helmet of the Trombone (worn) {Int+4}
   (You took it off Robin on level 2 of the Dungeon)

   It affects your intelligence (+4).
   It has a curse placed upon it.
 I - a +0 pair of gloves (worn)
Jewellery
 o - an uncursed amulet of magic regeneration {unknown}
 q - an amulet of the gourmand (around neck)
 x - a cursed ring of teleportation (left hand)
 D - an uncursed ring of positive energy {unknown}
Wands
 F - a wand of iceblast (9)
 G - a wand of disintegration (16)
Scrolls
 d - 4 scrolls of magic mapping {unknown}
 h - a scroll of blinking {unknown}
 j - a scroll of fear {unknown}
 n - 4 scrolls of teleportation {unknown}
 r - 3 scrolls of remove curse {unknown}
 t - 2 scrolls of enchant armour {unknown}
 u - a scroll of fog {unknown}
 v - 7 scrolls of identify {unknown}
 y - a scroll of enchant weapon {unknown}
 z - a scroll of amnesia {unknown}
Potions
 e - a potion of mutation {unknown}
 f - 2 potions of lignification {unknown}
 g - 2 potions of resistance {unknown}
 i - 4 potions of flight {unknown}
 m - 4 potions of might {unknown}
 p - 3 potions of curing {unknown}
 w - 2 potions of cancellation {unknown}
 A - a potion of haste {unknown}
 B - a potion of brilliance {unknown}
 C - a potion of degeneration {unknown}
Books
 b - a book of Flames

   Spells                             Type                      Level
   a - Flame Tongue                   Conjuration/Fire             1
   b - Throw Flame                    Conjuration/Fire             2
   c - Conjure Flame                  Conjuration/Fire             3
   d - Inner Flame                    Hexes/Fire                   3
   e - Sticky Flame                   Conjuration/Fire             4
   f - Fireball                       Conjuration/Fire             5
 E - a book of Callings

   Spells                             Type                      Level
   a - Summon Small Mammal            Summoning                    1
   b - Call Imp                       Summoning                    2
   c - Call Canine Familiar           Summoning                    3
   d - Summon Guardian Golem          Hexes/Summoning              3
   e - Summon Lightning Spire         Summoning/Air                4
   f - Summon Ice Beast               Ice/Summoning                4
Comestibles
 c - 10 rations
 H - a chunk of flesh


   Skills:
 + Level 1.5 Fighting
 + Level 4.4 Dodging
 - Level 2.4 Stealth
 + Level 9.1 Spellcasting
 * Level 8.9 Conjurations
 + Level 7.4 Fire Magic


You had 13 spell levels left.
You knew the following spells:

 Your Spells              Type           Power        Failure   Level  Hunger
a - Flame Tongue          Conj/Fire      #####        1%          1    None
b - Conjure Flame         Conj/Fire      ######..     1%          3    None
c - Sticky Flame          Conj/Fire      ######..     1%          4    None
d - Fireball              Conj/Fire      ######....   4%          5    ####...


Dungeon Overview and Level Annotations

Branches:
Dungeon (7/15)             Temple (1/1) D:6

Altars:
Ashenzari
Cheibriados
Dithmenos
Elyvilon
Fedhas
Gozag
Hepliaklqana
Kikubaaqudgha
Makhleb
Okawaru
Qazlal
Ru
Sif Muna
Trog
Uskayaw
Vehumet
Wu Jian
Xom
Yredelemnul
Zin
The Shining One


Message History

Press: ? - help, Shift-Dir - straight line, f/p - manticore
Aim: a manticore (heavily wounded, covered in liquid flames)
The sticky flame hits the manticore.
The manticore is severely wounded.
The manticore is covered in liquid flames!
The manticore burns!
The manticore bites you.
* * * LOW HITPOINT WARNING * * *
The manticore barely misses you. x2; The orc hits you.
* * * LOW HITPOINT WARNING * * *
Casting: Sticky Flame
Confirm with . or Enter, or press ? or * to list all spells.
Aiming: Sticky Flame
Press: ? - help, Shift-Dir - straight line, f/p - manticore
Aim: a manticore (severely wounded, covered in liquid flames)
The sticky flame hits the manticore.
The manticore is almost dead.
The manticore burns!
The manticore bites you!
* * * LOW HITPOINT WARNING * * *
The manticore claws you!
You die...

#. ..........## #####.
...........## #...'.
............##. #.###.
............... #.# #.
.............##.###'###.
............# #.'.......
............# #.###'###.
......o@H..# #.# #.
...).....### #.###.
.).)...### #...'.
.#.)... #####. ....##.
#. ..## ## ...
#.#######' # #######.#
#......... #####....##.#
#####..##
###........##.# ##.##


You could see a manticore (burning) and an orc.

Vanquished Creatures
  The ghost of zhorgal the Chopper, a novice HuGl of Uskayaw (D:5)
  Sigmund (D:2)
  2 orc warriors (D:6)
  An ice beast (D:5)
  An ogre (D:7)
  2 phantoms
  2 sky beasts (D:5)
  A gnoll sergeant (D:6)
  A bullfrog (D:6)
  A scorpion (D:5)
  2 crimson imps (D:5)
  2 centaur zombies
  A quasit (D:6)
  A gnoll shaman (D:5)
  4 orc priests
  4 hounds
  7 orc wizards
  An iguana (D:5)
  5 worker ants
  Robin (D:2)
  11 gnolls
  5 adders
  2 shadow imps
  An ooze (D:3)
  2 adder skeletons
  2 worms
  4 dart slugs
  2 leopard geckos
  24 orcs
  11 bats
  8 giant cockroaches
  8 goblins
  9 hobgoblins
  17 jackals
  8 kobolds
  5 quokkas
  5 ball pythons
  8 frilled lizards
  A jackal skeleton (D:4)
  A leopard gecko zombie (D:6)
  A quokka skeleton (D:5)
  A quokka zombie (D:5)
  3 rats (D:1)
180 creatures vanquished.

Notes
Turn   | Place    | Note
-------+----------+-------------------------------------------
     0 | D:1      | Suckerboh the Deep Elf Fire Elementalist began the quest for the Orb.
     0 | D:1      | Reached XP level 1. HP: 10/10 MP: 6/6
   222 | D:1      | Reached XP level 2. HP: 15/15 MP: 2/8
   366 | D:1      | Reached XP level 3. HP: 19/19 MP: 5/10
   602 | D:2      | Noticed Robin
   661 | D:2      | Reached skill level 4 in Spellcasting
   669 | D:2      | Killed Robin
   671 | D:2      | Got a slimy helmet
   677 | D:2      | Identified the cursed +0 helmet of the Trombone {Int+4} (You took it off Robin on level 2 of the Dungeon)
   981 | D:2      | Found a sacrificial altar of Ru.
   981 | D:2      | Noticed Sigmund
  1150 | D:2      | Reached XP level 4. HP: 24/24 MP: 9/12
  1161 | D:2      | Learned a level 3 spell: Conjure Flame
  1166 | D:2      | Learned a level 4 spell: Sticky Flame
  2087 | D:2      | Found a shimmering altar of Xom.
  2088 | D:2      | Found a deep blue altar of Sif Muna.
  2484 | D:2      | Killed Sigmund
  2484 | D:2      | Reached skill level 5 in Spellcasting
  2484 | D:2      | Reached XP level 5. HP: 24/28 MP: 3/14
  2566 | D:3      | Reached XP level 6. HP: 30/33 MP: 12/15
  4124 | D:4      | Reached skill level 5 in Conjurations
  4229 | D:4      | Reached skill level 5 in Fire Magic
  4229 | D:4      | Reached XP level 7. HP: 37/37 MP: 13/17
  4823 | D:5      | Entered Level 5 of the Dungeon
  5054 | D:5      | Reached skill level 6 in Spellcasting
  5297 | D:5      | Noticed zhorgal's ghost (novice HuGl)
  5671 | D:5      | Reached skill level 1 in Fighting
  5976 | D:5      | Reached XP level 8. HP: 43/43 MP: 15/20
  6031 | D:5      | Reached skill level 7 in Spellcasting
  6108 | D:5      | Killed zhorgal's ghost
  6108 | D:5      | Reached skill level 8 in Spellcasting
  6382 | D:6      | Learned a level 5 spell: Fireball
  6620 | D:6      | Reached XP level 9. HP: 20/47 MP: 1/23
  7194 | D:6      | Found a staircase to the Ecumenical Temple.
  7203 | Temple   | Entered the Ecumenical Temple
  7215 | Temple   | Became a worshipper of Vehumet
  7605 | D:7      | Reached skill level 9 in Spellcasting
  7875 | D:7      | Noticed a manticore
  7880 | D:7      | HP: 1/47 [manticore (10)]
  7880 | D:7      | Mangled by a manticore

Skill      XL: |  1  2  3  4  5  6  7  8  9 |
---------------+----------------------------+-----
Fire Magic     | 4 5 6 7 |  7.4
Conjurations   | 2 4 5 6 8 |  8.9
Spellcasting   | 4 5 6 8 9 |  9.1
Dodging        | 3 4 |  4.4
Fighting       | 1 |  1.5
Stealth        | |  2.4

Action                   |  1- 3 |  4- 6 |  7- 9 || total
-------------------------+-------+-------+-------++-------
Melee: Whip              |    12 |    34 |    46 ||    92
 Cast: Flame Tongue      |    58 |    98 |   185 ||   341
       Sticky Flame      |       |     1 |    10 ||    11
       Conjure Flame     |       |       |     4 ||     4
       Fireball          |       |       |     6 ||     6
 Stab: Sleeping          |     1 |     1 |     2 ||     4
  Eat: Chunk             |     1 |    19 |    13 ||    33
       Ration            |       |     1 |     1 ||     2
Armor: Robe              |    17 |    16 |    12 ||    45
Dodge: Dodged            |    27 |    60 |    83 ||   170
